Cogmind - Beta 16.1 @@@ ROGUE MODE // 2026.03.21 @ 17:46:37 Player: whodovoodoo Result: Destroyed by G-47 Trooper with Particle Gun Performance ------------- Evolutions (2) 1000 Regions Visited (5) 1000 Robots Destroyed (32) 160 Value Destroyed (906) 906 Prototype IDs (3) 60 Alien Tech Used (0) 0 Bonus (0) 0 TOTAL SCORE: 3126 Bonus ------- None Cogmind --------- Core Integrity 0/550 Matter 270/300 Energy 66/100 System Corruption 0% Temperature Cool (9) Movement Walking (120) Location -8/Materials Parts ------- > --- POWER (1) -------- (None) > --- PROPULSION (3) --- Improved Carbon-fiber Leg Improved Carbon-fiber Leg Improved Carbon-fiber Leg > --- UTILITY (4) ------ (None) > --- WEAPON (3) ------- (None) > --- INVENTORY (5) ---- Light Deuterium Engine Light Nuclear Core Light Treads Light Treads Improved Carbon-fiber Leg Peak State ------------ > --- POWER ------------ Light Nuclear Core > --- PROPULSION ------- Wheel Wheel Wheel > --- UTILITY ---------- Small Storage Unit Seismic Detector Improved Light Armor Plating High-powered Tractor Beam > --- WEAPON ----------- Beam Rifle Improved Assault Rifle Improved Assault Rifle > --- INVENTORY -------- Improved Ion Engine Light Deuterium Engine Light Deuterium Engine Heavy EM Shotgun Medium Laser Rocket Launcher Ripper [Rating: 23] Favorites ----------- Power Light Nuclear Core Engine Light Deuterium Engine Power Core Light Nuclear Core Propulsion Wheel Leg Improved Aluminum Leg Wheel Wheel Utility Small Storage Unit Device Seismic Detector Storage Small Storage Unit Protection Hardened Light Armor Plating Weapon Improved Assault Rifle Energy Gun Improved Medium Laser Ballistic Gun Improved Assault Rifle Ballistic Cannon Light Cannon Launcher Rocket Launcher Special Weapon Mining Laser Slashing Weapon Ripper Build | -11 -10 -10 -9 -9 -8 ------- Run | Yrd Mat Min Mat Sto Mat Slots Evolved 4 | . . . 2 . 2 Power . | . . . . . . Propulsion 1 | . . . . . 1 Utility 2 | . . . 1 . 1 Weapon 1 | . . . 1 . . Parts Attached 46 | 9 3 . 9 6 19 Power 7 | 1 1 . 1 1 3 Engine 4 | 1 . . 1 1 1 Core 3 | . 1 . . . 2 Reactor . | . . . . . . Propulsion 12 | 2 . . . 2 8 Treads . | . . . . . . Leg 7 | . . . . . 7 Wheel 5 | 2 . . . 2 1 Hover . | . . . . . . Flight . | . . . . . . Utility 9 | 2 . . 2 2 3 Device 4 | 1 . . 1 1 1 Storage 1 | 1 . . . . . Processor . | . . . . . . Hackware . | . . . . . . Protection 4 | . . . 1 1 2 Artifact . | . . . . . . Weapon 18 | 4 2 . 6 1 5 Energy Gun 9 | 3 2 . 1 . 3 Energy Cannon . | . . . . . . Ballistic Gun 4 | . . . 3 1 . Ballistic Cannon 2 | . . . 2 . . Launcher 1 | . . . . . 1 Special Weapon 1 | 1 . . . . . Impact Weapon . | . . . . . . Slashing Weapon 1 | . . . . . 1 Piercing Weapon . | . . . . . . Special Melee Weapon . | . . . . . . Unidentified Prototypes 3 | . 1 . 1 . 1 Parts Lost 27 | . . . . 5 22 Power 3 | . . . . 1 2 Propulsion 9 | . . . . 2 7 Utility 7 | . . . . 2 5 Weapon 8 | . . . . . 8 Highest Loss Streak 15 | . . . . 4 15 To Critical Strikes 1 | . . . . . 1 Average Backups 6 | 4 7 7 7 7 6 Power 1 | . 1 1 1 1 2 Propulsion 2 | 3 5 4 3 2 . Utility . | . 1 1 1 . . Weapon 1 | . . 1 2 2 2 Tool/Special . | . . . . . . Unused Backups 9 | . . 3 1 . 5 Power 2 | . . . 1 . 1 Propulsion 6 | . . 2 . . 4 Utility . | . . . . . . Weapon 1 | . . 1 . . . Tool/Special . | . . . . . . Average Slot Usage (%) 84 | . 85 85 91 88 78 Engine 3 | . 11 . 4 10 . Core 6 | . 2 14 6 . 7 Leg 4 | . . . . . 12 Wheel 18 | . 28 28 22 18 10 Device 6 | . . . 7 10 8 Storage 10 | . 14 14 11 11 7 Protection 5 | . . . 6 7 7 Energy Gun 11 | . 24 28 11 . 5 Ballistic Gun 13 | . . . 15 31 13 Ballistic Cannon 1 | . . . 5 . . Launcher 1 | . . . . . 3 Peak Build Rating 23 | 9 12 13 20 20 23 Average Rating 15 | 6 9 12 16 17 17 On Entrance 11 | . 9 12 13 20 16 Avg Prop Armor Cover (%) . | . . . . . . Naked Turns 22 | . . . . . 22 Heaviest Build 26 | 14 16 16 26 26 25 Greatest Support 54 | 20 20 20 20 20 54 Greatest Overweight (x) 7 | . . . 1 2 7 Average Overweight (x) . | . . . . . . Largest Inventory Capacity 8 | 8 8 8 8 8 8 Average Capacity 7 | 7 8 8 8 8 7 Most Carried 8 | 7 8 8 8 8 8 Average Carried 6 | 4 7 7 7 7 6 Final Capacity 8 | 8 8 8 8 8 5 Final Carried 8 | 7 8 7 8 4 5 Class Distribution -------------------- 33% | Mutant 26% | Tank 13% | Scavenger-Tank 11% | Scavenger-Gunner 11% | Gunner 3% | Scavenger-Mutant Dominant Class ---------------- Mutant | -10/Materials Mutant | -10/Mines Tank | -9/Materials Tank | -9/Storage Scavenger-Tank | -8/Materials Resources | -11 -10 -10 -9 -9 -8 ----------- Run | Yrd Mat Min Mat Sto Mat Matter Collected 902 | 288 30 . 184 101 299 Remotely 87 | . . . . . 87 Salvage Created 1099 | 152 107 . 296 161 383 Parts 73 | 10 8 . 14 14 27 Haulers Intercepted . | . . . . . . Recyclers Shooed 1 | 1 . . . . . Parts Field Recycled . | . . . . . . Retrieved Matter . | . . . . . . Parts Self-Destructed . | . . . . . . Prevented . | . . . . . . Parts Restored . | . . . . . . Kills | -11 -10 -10 -9 -9 -8 ------- Run | Yrd Mat Min Mat Sto Mat Combat Hostiles Destroyed 23 | . 2 . 7 3 11 Guns 16 | . 2 . 4 3 7 Cannons 2 | . . . 2 . . AOE 4 | . . . . . 4 Classes Destroyed 10 | 3 1 . 1 2 3 Worker 3 | 1 1 . . . 1 Builder 1 | . . . . . 1 Tunneler 3 | 2 . . 1 . . Recycler 1 | 1 . . . . . Operator 1 | . . . . 1 . Swarmer 4 | . . . . . 4 Grunt 12 | . 2 . 5 1 4 Duelist 2 | . . . . 1 1 Sentry 4 | . . . 2 1 1 Hunter 1 | . . . . . 1 Best Kill Streak 8 | 3 3 . 3 3 8 Combat Bots Only 6 | . 2 . 3 3 6 Max Kills in Single Turn 3 | 1 1 . 1 1 3 Gunslinging . | . . . . . . Exploded 3 | . . . . . 3 Melee . | . . . . . . Uniques/NPCs Destroyed . | . . . . . . Combat | -11 -10 -10 -9 -9 -8 -------- Run | Yrd Mat Min Mat Sto Mat Hostile Shots Fired 288 | . 8 . 36 60 184 Missed 85 | . 2 . 12 18 53 Hits 203 | . 6 . 24 42 131 Melee 5 | . . . . 5 . Projectile 198 | . 6 . 24 37 131 Critical Strikes 11 | . . . 1 6 4 Damage Taken 3180 | 7 75 . 295 710 2093 Core 721 | . 12 . 38 108 563 Absorbed by Shields . | . . . . . . Redirected to Shielding 43 | . . . . . 43 Core Remaining (%) 86 | 100 . 95 . 63 . Volleys Fired 72 | 10 6 . 19 14 23 Largest 3 | 2 2 . 3 3 3 Hottest 168 | 150 112 . 168 69 139 Shots Fired 168 | 13 12 . 57 34 52 Gun 145 | 12 12 . 39 34 48 Cannon 18 | . . . 18 . . Launcher 4 | . . . . . 4 Special 1 | 1 . . . . . Kinetic 90 | . . . 33 34 23 Thermal 74 | 13 12 . 24 . 25 Explosive 4 | . . . . . 4 Electromagnetic . | . . . . . . Robot Hit Streak 14 | 3 6 . 13 9 14 Robot Miss Streak 4 | 3 4 . 2 2 4 Penetration Max . | . . . . . . Secondary Targets . | . . . . . . Shots Hit Robots 115 | 7 9 . 39 25 35 Core Hits 52 | 5 4 . 12 7 24 Critical Kills . | . . . . . . Critical Parts Destroyed 1 | . . . . 1 . Critical Strikes 9 | . 1 . 5 1 2 Burn 5 | . 1 . 2 . 2 Destroy 1 | . . . . 1 . Blast 3 | . . . 3 . . Melee Attacks 1 | . . . . . 1 Impact . | . . . . . . Slashing 1 | . . . . . 1 Piercing . | . . . . . . Sneak Attacks . | . . . . . . Combat Hostiles . | . . . . . . Follow-up Attacks . | . . . . . . Damage Inflicted 2338 | 116 155 . 625 430 1012 Guns 1551 | 99 155 . 430 383 484 Cannons 179 | . . . 179 . . Explosions 485 | . . . . . 485 Melee 34 | . . . . . 34 Ramming 89 | 17 . . 16 47 9 Kinetic 972 | . . . 330 383 259 Thermal 758 | 99 155 . 279 . 225 Explosive 485 | . . . . . 485 Electromagnetic . | . . . . . . Impact . | . . . . . . Slashing 34 | . . . . . 34 Piercing . | . . . . . . Highest Corruption 1 | . . . . 1 . Average Corruption 1 | . . . . 1 . Corruption Purged . | . . . . . . Corruption Blocked . | . . . . . . Effects 1 | . . . . 1 . Energy Discharges 1 | . . . . 1 . Overload Shots . | . . . . . . Overflow Damage 46 | . . . . . 46 Projectiles . | . . . . . . Explosions 46 | . . . . . 46 Melee . | . . . . . . Knockbacks 4 | . . . 3 1 . Impact 1 | . . . . 1 . Kinetic 3 | . . . 3 . . Secondary . | . . . . . . Self-Inflicted Damage 37 | 7 . . 8 22 . Shots . | . . . . . . Rammed 10 | 5 . . 1 4 . Targets Rammed 11 | 5 . . 1 4 1 Kicked 1 | . . . . . 1 Crushed . | . . . . . . Highest Temperature 540 | 70 177 . 540 18 369 Average Temperature 133 | 25 98 . 183 10 151 Received Heat Transfer 1140 | . 42 . 159 264 675 Effects 6 | . . . 4 . 2 Interference 5 | . . . 3 . 2 Matter Decay 1 | . . . 1 . . Siege Activations . | . . . . . . Martial Activations . | . . . . . . Shielding Activations . | . . . . . . Robots Disrupted . | . . . . . . Combat Hostiles . | . . . . . . Robots Corrupted . | . . . . . . Combat Hostiles . | . . . . . . Parts Fried . | . . . . . . Impact Corruptions . | . . . . . . Robots Melted 1 | . . . 1 . . Combat Hostiles 1 | . . . 1 . . Parts Melted 4 | . . . 3 . 1 Heat Transferred 2245 | 284 407 . 814 . 740 Parts Sabotaged . | . . . . . . Parts Stolen . | . . . . . . Parts Stripped . | . . . . . . Power Chain Reactions . | . . . . . . Alert | -11 -10 -10 -9 -9 -8 ------- Run | Yrd Mat Min Mat Sto Mat Maximum Alert Level 1 | . . . . . 1 Low Security (%) 99 | 100 100 100 100 100 99 Level 1 . | . . . . . . Level 2 . | . . . . . . Level 3 . | . . . . . . Level 4 . | . . . . . . Level 5 . | . . . . . . High Security . | . . . . . . Max Security . | . . . . . . Peak Influence 201 | 5 45 13 62 165 201 Initial 35 | . 3 13 . 13 35 Average 44 | 1 7 1 19 65 90 Influence Increases 968 | 20 55 . 192 200 501 Destroy 0b10 Robot/C 460 | . 40 . 140 60 220 Destroy 0b10 Robot/NC 45 | 20 5 . 5 5 10 Destroy Leader 120 | . 10 . 30 30 50 Destroy Structure 28 | . . . 2 . 26 Partial Spotted 15 | . . . 15 . . Lose Combat Pursuer 300 | . . . . 105 195 Influence Decreases 907 | 15 25 35 160 147 525 Entered New Map 93 | . 2 22 . 19 50 Time Decay 544 | 15 23 13 160 78 255 Lost Part 270 | . . . . 50 220 Squads Dispatched 6 | . 2 . . 1 3 Investigation 3 | . 1 . . 1 1 Extermination . | . . . . . . Reinforcement 3 | . 1 . . . 2 Assault . | . . . . . . Garrison . | . . . . . . Intercept . | . . . . . . Searches Triggered . | . . . . . . Construction Impeded 1 | . . . . . 1 Haulers Reinforced . | . . . . . . Active Scanning Responses . | . . . . . . Cargo Convoy Interrupts . | . . . . . . Stealth | -11 -10 -10 -9 -9 -8 --------- Run | Yrd Mat Min Mat Sto Mat Distress Signals 3 | . . . 1 1 1 Communications Jammed . | . . . . . . Distress Signals . | . . . . . . Times Spotted 63 | . 5 . 8 14 36 Peak Tracking Total 12 | . 3 . 3 9 12 Tactical Retreats 7 | . . . . 2 5 Traps | -11 -10 -10 -9 -9 -8 ------- Run | Yrd Mat Min Mat Sto Mat Traps Triggered 3 | . 1 . . 1 1 Indirectly . | . . . . . . Trap Hack Attempts . | . . . . . . Triggered . | . . . . . . Disarmed . | . . . . . . Reprogrammed . | . . . . . . Reused . | . . . . . . Traps Extracted . | . . . . . . Installed . | . . . . . . Triggered . | . . . . . . Machines | -11 -10 -10 -9 -9 -8 ---------- Run | Yrd Mat Min Mat Sto Mat Machines Disabled . | . . . . . . Max in Single Turn . | . . . . . . Machines Repaired . | . . . . . . Machines Dismantled . | . . . . . . Machines Sabotaged . | . . . . . . Overloaded Fab Kills . | . . . . . . Hacking | -11 -10 -10 -9 -9 -8 --------- Run | Yrd Mat Min Mat Sto Mat Machines Accessed 8 | . 4 . 1 2 1 Terminals 6 | . 2 . 1 2 1 Fabricators . | . . . . . . Repair Stations 1 | . 1 . . . . Recycling Units 1 | . 1 . . . . Scanalyzers . | . . . . . . Garrison Access . | . . . . . . Total Hacks 15 | . 6 . 2 5 2 Successful 2 | . . . 1 1 . Failed 13 | . 6 . 1 4 2 Catastrophic 3 | . 2 . . 1 . Database Lockouts . | . . . . . . Manual 2 | . . . . . 2 Terminals 12 | . 3 . 2 5 2 Fabricators . | . . . . . . Repair Stations 2 | . 2 . . . . Recycling Units 1 | . 1 . . . . Scanalyzers . | . . . . . . Garrison Access . | . . . . . . Terminal Hacks 2 | . . . 1 1 . Alert Level 1 | . . . 1 . . Dispatch Records 1 | . . . . 1 . Fabricator Hacks . | . . . . . . Repair Station Hacks . | . . . . . . Recycling Unit Hacks . | . . . . . . Scanalyzer . | . . . . . . Garrison Access Hacks . | . . . . . . Unauthorized Hacks . | . . . . . . Terminals . | . . . . . . Fabricators . | . . . . . . Repair Stations . | . . . . . . Recycling Units . | . . . . . . Scanalyzers . | . . . . . . Garrison Access . | . . . . . . Data Cores Recovered 1 | . . . . 1 . Used . | . . . . . . Hacking Detections 7 | . 3 . 1 2 1 Full Trace Events 1 | . . . . 1 . Feedback Events . | . . . . . . Feedback Blocked . | . . . . . . Robot Schematics Acquired . | . . . . . . Robots Built . | . . . . . . Authchips . | . . . . . . Time . | . . . . . . Total Robot Build Rating . | . . . . . . Part Schematics Acquired . | . . . . . . Parts Built . | . . . . . . Authchips . | . . . . . . Time . | . . . . . . Total Part Build Rating . | . . . . . . Part Studies Acquired . | . . . . . . Parts Repaired . | . . . . . . Time . | . . . . . . Parts Recycled . | . . . . . . Recycled Matter . | . . . . . . Retrieved Matter . | . . . . . . Retrieved Components . | . . . . . . Parts Scanalyzed . | . . . . . . Part Schematics Acquired . | . . . . . . Parts Damaged . | . . . . . . Bothacking | -11 -10 -10 -9 -9 -8 ------------ Run | Yrd Mat Min Mat Sto Mat Used RIF Installer . | . . . . . . Robots Hacked . | . . . . . . Non-combat . | . . . . . . Combat . | . . . . . . Robot Hacks Applied . | . . . . . . Relay Couplers Released . | . . . . . . Fabnet Peak Effective % . | . . . . . . Robots Rewired . | . . . . . . Allies Hacked . | . . . . . . Hacks Repelled . | . . . . . . Allies | -11 -10 -10 -9 -9 -8 -------- Run | Yrd Mat Min Mat Sto Mat Total Allies . | . . . . . . Largest Group . | . . . . . . Highest-Rated Group . | . . . . . . Highest-Rated Ally . | . . . . . . Total Orders . | . . . . . . Ally Attacks . | . . . . . . Total Damage . | . . . . . . Kills . | . . . . . . Allies Corrupted . | . . . . . . Allies Melted . | . . . . . . Intel | -11 -10 -10 -9 -9 -8 ------- Run | Yrd Mat Min Mat Sto Mat Active Infowar (turns) 511 | 16 . . . 20 475 Terrain 16 | 16 . . . . . Seismic 495 | . . . . 20 475 Robot Analysis Total . | . . . . . . Derelict Logs Recovered 1 | . . 1 . . . Drone Launches . | . . . . . . Drone Recoveries . | . . . . . . Exploration | -11 -10 -10 -9 -9 -8 ------------- Run | Yrd Mat Min Mat Sto Mat Turns Passed 1705 | 116 120 238 435 210 586 Spaces Moved 1535 | 80 119 290 388 167 491 Core 54 | 5 . . . . 49 Treads . | . . . . . . Legs 213 | . . . . . 213 Wheels 1268 | 75 119 290 388 167 229 Hover . | . . . . . . Flight . | . . . . . . Fastest Speed 50 | 50 80 80 80 80 50 Average Speed 89 | 78 80 80 90 93 97 Slowest Speed 400 | 80 80 80 95 110 400 Overloaded Moves . | . . . . . . Propulsion Burnouts . | . . . . . . Robots Hopped . | . . . . . . Potential Cave-ins . | . . . . . . Cave-ins Triggered . | . . . . . . Exploration Rate (%) 31 | 3 31 61 25 33 35 Regions Visited 5 Branch Regions 2 Pre-discovered Areas . | . . . . . . Known Exits Taken . | . . . . . . Unknown Exits Taken 5 | 1 1 1 1 1 . Scrap Searched . | . . . . . . Spaces Dug . | . . . . . . Terrain Destroyed 34 | . . . . . 34 Melee . | . . . . . . Projectile . | . . . . . . AOE 34 | . . . . . 34 Terrain Rammed . | . . . . . . Walls Destroyed . | . . . . . . Machines Disabled . | . . . . . . Actions | -11 -10 -10 -9 -9 -8 --------- Run | Yrd Mat Min Mat Sto Mat Total 1709 | 114 131 298 429 190 547 Wait 4 | . . 4 . . . Move 1530 | 79 118 289 387 166 491 Hop . | . . . . . . Pick Up 22 | 7 1 2 3 . 9 Fast Attach 34 | 10 2 . 9 2 11 Attach 10 | . . . . 4 6 Detach . | . . . . . . Swap 4 | . 1 . 1 . 2 Drop 21 | 3 3 3 9 . 3 Fire 72 | 10 6 . 19 14 23 Melee 1 | . . . . . 1 Ram 10 | 5 . . 1 4 . Kick 1 | . . . . . 1 Crush . | . . . . . . Escape Stasis . | . . . . . . Rewire . | . . . . . . Trap . | . . . . . . Miscellaneous . | . . . . . . Route ------- -11/Scrapyard -10/Materials -10/Mines -9/Materials -9/Storage -8/Materials (discovered 1 exit: [*Fac]) History --------- Turn | Location | Event 8 | -11/Scrapyard | Discovered new exit (range 15) 117 | -11/Scrapyard | Entered Materials 216 | -10/Materials | Discovered new exit (range 16) 237 | -10/Materials | Entered Mines 303 | -10/Mines | Received a Rocket Launcher from a helpful Derelict 310 | -10/Mines | Build established: Mutant 398 | -10/Mines | A weapon hastily lodged in a ceiling crevice suddenly fell to the ground 448 | -10/Mines | Learned Materials trap positions 455 | -10/Mines | Discovered new exit (range 10) 475 | -10/Mines | Entered Materials 475 | -9/Materials | Evolved 2 slots: Utility x1, Weapon x1 476 | -9/Materials | Loaded intel: 24 trap records 903 | -9/Materials | Discovered new exit (range 8) 910 | -9/Materials | Entered Storage 949 | -9/Storage | Build established: Tank 1108 | -9/Storage | Discovered new exit (range 16) 1113 | -9/Storage | Lost 4 parts (1p1n2u) 1120 | -9/Storage | Entered Materials 1120 | -8/Materials | Evolved 2 slots: Propulsion x1, Utility x1 1385 | -8/Materials | Lost 5 parts (3n1u1w) 1616 | -8/Materials | Discovered new exit (range 15) 1627 | -8/Materials | Core integrity fell below 50% 1656 | -8/Materials | Core integrity fell below 20% 1693 | -8/Materials | Lost 15 parts (2p4n4u5w) 1706 | -8/Materials | Destroyed by G-47 Trooper with Particle Gun Last Messages --------------- K-01 Serf collects debris. U-05 Engineer lays Concrete. K-01 Serf collects debris. Imp. Ion Engine destroyed. U-05 Engineer lays Concrete. Penetrated by Slug. Ripper destroyed. Knocked back. Acquired 2 matter. Penetrated by Slug. Acquired 8 matter. Hvy. EM Shotgun destroyed. Aluminum Leg destroyed. Critical hit (Burn: +37). Acquired VSS Leg. Acquired Lgt. Treads. Acquired Imp. Carbon-fiber Leg. Dropped VSS Leg. Acquired Imp. Carbon-fiber Leg. Critical hit (Burn: +37). Map ----- +----------------------------------------------------+ | | | | | ?????????????????????????????????????????????????? | | ?????????????????????????????????????????????????? | | ?????????????????????????????????????????????????? | | ?????????????????????????????????????????????????? | | ?????????????????????????????????????????????????? | | ?????????????????????????????????????????????????? | | ?????????????????????????????????????????????????? | | ?????????????????????????????????????????????????? | | ############?????????????????????????????????????? | | # ] #??????????????????????########??###### | | # < # #??????????????????????# #??# [[ | | # # " #??????????????????????# " "#### [[ | | # + T #??????????????????????# "# # [ | | # #?" #????????????########### ""# # | | # ??? #????????????# #! / + + | | # #???#+#????????????# %+ %% # # | | ##### ##???????????# ###+#### ###### | | ## ########## ###[### #???? | | T % ## #???? | | ##### ## #???? | | #????# ## ### #???? | | ####!% """ """ #????# ## #?##+####### | | ???# """ """ ##############/## ### # | | ???#* """ """ @ gY ### """ # | | ???# % g % + """ # | | ???# ############ #### """ = # | | ???# ?????????# # ## # | | ???# ##????????#==== #### """ # | | ???# ?????????#==== =#??# """ # | | ???# ?????????########??# """ = # | | ???# ###??????????????????# # | | ???# ????????????????????########## | | ???# ?????????????????????????????? | | ??? ?????????????????????????????? | | ??? [ #?????????????????????????????? | | ??## #?????????????????????????????? | | ?? [[ % * #?????????????????????????????? | | ?? ######+###?????????????????????????????? | | ? #*% #???? ??????????????????????????????? | | +### ???? ?????????????????????????????? | | # ??? ????????????????????????????? | | ###?? #???????????????????????????? | | ##???? !! """ #???????????????????????????? | | #### #????? !! """ #???????????????????????????? | | ???# #???? !! """ +???????????????????????????? | | ???# #???? #???????????????????????????? | | ???# ###########???????????????????????????????? | | ???# # #??????????????????????????????????? | +----------------------------------------------------+ Best States ------------- Heat Dissipation 50 Energy Generation 14 Energy Capacity 265 Matter Stores 300 Matter Capacity 300 Sight Range 16 Terrain Scan Range 16 Terrain Scan Density 10 Armor Coverage 150 Core Shielding 20 Evasion (%) 55 Item Schematics ----------------- None Robot Schematics ------------------ None Fabricated ------------ Nothing Repaired ---------- Nothing Studied --------- None Alien Tech Used ----------------- None Achievements -------------- None Challenges ------------ None Game ------ Seed whodovoodoo Manual? 1 Play Time 00:27:37 Cumulative 44.1 hours Start 2026.03.21 @ 17:19:32 End 2026.03.21 @ 17:46:37 Sessions 1 Manual Loads 0 Difficulty Rogue Special Mode None Game No. 47 Rogue 18 Adventurer 0 Explorer 29 Win Type - Total 0 Types 0/0/0/0/0/0/0/0/0/0 Lore% 4 Gallery% 26 Achievement% 16 Wizard Run 0 Options --------- Layout 1 ASCII 1 Keyboard 1 Movement Vi Keybinds 0 Fullscreen 1 Font 24/Smallcaps Map View 50x35 Zoom Use 6% Tactical HUD 0 Map Filters NONE Filters NONE Steam 1 RUN: 546f3205-1540-461c-bc98-d929b749579a